 Dungeon Crawl Stone Soup version 0.31-a0-151-ge443d1f16c (webtiles) character file.

Game seed: 12146093889315670655

132 qw the Shooter (level 4, -1/40 HPs)
             Began as a Minotaur Hunter on June 8, 2023.
             Slain by a human zombie (2 damage)
             ... in an ossuary.
             The game lasted 00:00:56 (2780 turns).

qw the Shooter (Minotaur Hunter)                    Turns: 2780, Time: 00:00:56

Health: -1/40      AC:  7    Str: 15    XL:     4   Next: 92%
Magic:  3/3        EV: 11    Int:  6    God:
Gold:   199        SH:  0    Dex: 16    Spells: 3/3 levels left

rFire   . . .        Y - +3 shortbow
rCold   . . .        (shield currently unavailable)
rNeg    . . .        c - +1 ring mail {rPois}
rPois   +            (helmet restricted)
rElec   .            (no cloak)
rCorr   .            (no gloves)
SInv    .            e - +0 pair of boots
Will    .....        (no amulet)
Stlth   +            (no ring)
HPRegen 0.26/turn    (no ring)
MPRegen 0.08/turn

%: no passive effects
@: about to teleport
A: horns 2, retaliatory headbutt
a: no special abilities


You were in an ossuary.
You visited 1 branch of the dungeon, and saw 4 of its levels.
You also visited: Ossuary.

You collected 199 gold pieces.


Innate Abilities, Weirdness & Mutations

You have a pair of horns on your head.
You reflexively headbutt those who attack you in melee.


   Skills:
 - Level 4.1 Fighting
 + Level 6.0 Ranged Weapons
 - Level 1.0 Armour
 - Level 2.1 Dodging
 - Level 0.7 Stealth


You had 3 spell levels left.
You didn't know any spells.
Your spell library was empty.

Inventory:

Hand Weapons
 Y - a +3 shortbow (weapon)
Armour
 c - a +1 ring mail of poison resistance (worn)
 e - a +0 pair of boots (worn)
Scrolls
 b - a scroll of teleportation
Potions
 a - a potion of might {unknown}
 d - a potion of lignification {unknown}
 f - a potion of invisibility {unknown}
 g - a potion of curing
 h - a potion of brilliance {unknown}

Dungeon Overview and Level Annotations

Branches:
Dungeon (4/15)            Ossuary (1/1)
 Temple: D:4-7

Altars:
Xom
Yredelemnul

Shops:
D:1 [   D:2 (


Message History

You shoot an arrow.
The arrow closely misses the elf zombie.
The jackal zombie closely misses you. The elf zombie misses you.
The human zombie barely misses you. The gnoll zombie closely misses you.
You furiously retaliate!
You headbutt the gnoll zombie. The jackal zombie misses you.
The elf zombie hits you. The human zombie hits you.
You shoot an arrow. The arrow hits the gnoll zombie!
You destroy the gnoll zombie!
The jackal zombie barely misses you.
The elf zombie hits you but does no damage.
The human zombie misses you. The elf zombie hits you.
The human zombie hits you but does no damage.
The jackal zombie bites you but does no damage.
2777 ||| READING 2 scrolls of teleportation.
As you read the scroll of teleportation, it crumbles to dust.
You feel strangely unstable. The elf zombie closely misses you.
The human zombie hits you. The elf zombie hits you.
The jackal zombie closely misses you. The human zombie barely misses you.
You shoot an arrow. The arrow hits the elf zombie!
The elf zombie is moderately damaged.
The jackal zombie bites you but does no damage.
The elf zombie misses you. You furiously retaliate!
You headbutt the elf zombie. The human zombie barely misses you.
You furiously retaliate!
You headbutt the human zombie. The elf zombie misses you.
The human zombie hits you.
You shoot an arrow. The arrow hits the elf zombie.
The elf zombie is moderately damaged.
The jackal zombie bites you but does no damage.
The elf zombie hits you but does no damage.
The elf zombie completely misses you. The human zombie barely misses you.
The jackal zombie misses you.
The human zombie hits you but does no damage.
You shoot an arrow. The arrow hits the elf zombie.
The elf zombie is moderately damaged.
The elf zombie hits you.
The jackal zombie bites you but does no damage.
The elf zombie hits you. The human zombie hits you.
You die...

...............
...............
...............
...............
...............
...............
......Z.Z......
......\@ZZ.....
.......ZZ......
...............
...............
...............
...............
...............
...............


You could see a jackal zombie, a kobold zombie, 2 elf zombies and 2 human
zombies.

Vanquished Creatures
  A hound zombie (Ossuary)
  3 adders
  A worm (D:2)
  A dart slug (D:1)
  2 orcs (D:4)
  2 bats
  6 endoplasms
  3 giant cockroaches
  10 goblins
  6 hobgoblins
  10 jackals (D:1)
  4 quokkas
  5 ball pythons
  A ball python zombie (D:3)
  2 frilled lizards (D:1)
  A gnoll zombie (Ossuary)
  2 goblin zombies (Ossuary)
  A hobgoblin zombie (Ossuary)
  9 kobolds
  A quokka zombie (D:3)
  5 rats
  A rat zombie (Ossuary)
  2 butterflies (D:3)
79 creatures vanquished.

Notes
Turn   | Place    | Note
-------+----------+-------------------------------------------
     0 | D:1      | qw the Minotaur Hunter began the quest for the Orb.
     0 | D:1      | Reached XP level 1. HP: 18/18 MP: 0/0
     0 | D:1      | 0 ||| qw: Version: 0.2-a-120-gdf1a93b
     0 | D:1      | 0 ||| qw: Game counter: 3093
     0 | D:1      | 0 ||| qw: Always use a shield: true
     0 | D:1      | 0 ||| qw: God list: Okawaru
     0 | D:1      | 0 ||| qw: Allow faded altars: false
     0 | D:1      | 0 ||| qw: Do Orc after D:15 true
     0 | D:1      | 0 ||| qw: Do second Lair branch before Depths: true
     0 | D:1      | 0 ||| qw: Lair rune preference: random
     0 | D:1      | 0 ||| qw: Plans: Normal
     0 | D:1      | 0 ||| PLANNING D:1-11
   134 | D:1      | Reached XP level 2. HP: 25/25 MP: 1/1
   170 | D:1      | Reached skill level 5 in Ranged Weapons
   326 | D:1      | Reached skill level 3 in Fighting
   447 | D:1      | Reached XP level 3. HP: 31/31 MP: 2/2
   791 | D:1      | Found Taun's Armour Shop.
   801 | D:1      | 801 ||| SHOPLISTING +0 pair of gloves (49 gold, have 32).
   801 | D:1      | 801 ||| SHOPLISTING +0 ring mail (44 gold, have 32).
   801 | D:1      | 801 ||| SHOPLISTING +2 ring mail of cold resistance (231
                  | gold, have 32).
   801 | D:1      | 801 ||| SHOPLISTING +3 ring mail of poison resistance (253
                  | gold, have 32).
   801 | D:1      | 801 ||| SHOPLISTING +4 ring mail of fire resistance (341
                  | gold, have 32).
   871 | D:1      | Found a faded altar of an unknown god.
  1041 | D:1      | 1041 ||| READING scroll labelled POUWUE WUDECW.
  1044 | D:1      | 1044 ||| DRINKING 2 brown potions.
  1045 | D:1      | 1045 ||| DROPPING scroll of butterflies.
  1325 | D:2      | Found Xeol's Antique Weapon Shop.
  1626 | D:2      | Reached skill level 6 in Ranged Weapons
  1626 | D:2      | Reached XP level 4. HP: 24/38 MP: 3/3
  1835 | D:2      | 1835 ||| UPGRADING to +0 ring mail.
  1845 | D:2      | 1845 ||| DROPPING +0 leather armour.
  1846 | D:2      | 1846 ||| READING 3 scrolls labelled DUORIE ICEN.
  1847 | D:2      | 1847 ||| READING 2 scrolls of enchant weapon.
  1847 | D:2      | 1847 ||| ENCHANTING +1 shortbow.
  1848 | D:2      | 1848 ||| READING scroll of enchant weapon.
  1848 | D:2      | 1848 ||| ENCHANTING +2 shortbow.
  1849 | D:2      | 1849 ||| DRINKING 2 orange potions.
  1850 | D:2      | 1850 ||| DROPPING potion of attraction.
  2064 | D:3      | Reached skill level 1 in Armour
  2268 | D:3      | Found a shimmering altar of Xom.
  2430 | D:3      | Found a basalt altar of Yredelemnul.
  2513 | D:3      | 2513 ||| UPGRADING to +0 pair of boots.
  2518 | D:3      | 2518 ||| READING 2 scrolls labelled VIEMUO FETUHO.
  2519 | D:3      | 2519 ||| DROPPING scroll of vulnerability.
  2547 | D:4      | 2547 ||| PLANNING OSSUARY
  2744 | D:4      | Found a sand-covered staircase.
  2745 | D:4      | 2745 ||| UPGRADING to +1 ring mail of poison resistance.
  2755 | D:4      | 2755 ||| DROPPING +0 ring mail.
  2762 | Ossuary  | Entered an ossuary
  2776 | Ossuary  | HP: 10/40 [elf zombie (5)]
  2777 | Ossuary  | 2777 ||| READING 2 scrolls of teleportation.
  2780 | Ossuary  | HP: 1/40 [elf zombie (4)]
  2780 | Ossuary  | Slain by a human zombie

Levels and vault maps discovered:
D:1:      dpeg_arrival_refuge, layout_basic, serial_shops,
          nicolae_shop_scrapyard, hellmonk_ecumenical_altar_arch_garden
D:2:      layout_basic, serial_shops, shop, lightli_corner_chamber
D:3:      layout_basic, xom_butterflies, lemuel_zombie_altar_yredelemnul
D:4:      layout_basic, nemelex_spade_bored_becter,
          nicolae_dithmenos_shadow_blocks, nicolae_ossuary_entry_monument,
          supply_closet_lemuel, minmay_cut_off
Ossuary:  ossuary_minmay_tomb_2a

Skill      XL: |  1  2  3  4 |
---------------+-------------+-----
Ranged Weapons | 5 6 |  6.0
Fighting       | 3 4 |  4.1
Armour         | 1 |  1.0
Dodging        | |  2.1
Stealth        | |  0.7

Action                     |  1- 3 |  4- 6 || total
---------------------------+-------+-------++-------
   Fire: Shortbow          |   130 |    68 ||   198
    Use: Scroll            |     1 |     5 ||     6
         Potion            |     1 |     1 ||     2
 Armour: Leather armour    |    13 |       ||    13
         Ring mail         |       |    39 ||    39
  Dodge: Dodged            |    25 |    44 ||    69

Table legend:
 A = Non-vault XP
 B = Vault XP
 C = Vault XP percentage of total XP
 D = Non-vault monster count
 E = Vault monster count
 F = Vault count percentage of total count
                 A         B        C        D         E       F
            +---------+---------+-------+---------+---------+-------
      Total |     159 |      30 |  15.9 |      69 |       8 |  10.4
            +---------+---------+-------+---------+---------+-------
        D:1 |      65 |       0 |   0.0 |      36 |       0 |   0.0
        D:2 |      40 |       0 |   0.0 |      14 |       0 |   0.0
        D:3 |      30 |       2 |   6.2 |      13 |       2 |  13.3
        D:4 |      24 |       0 |   0.0 |       6 |       0 |   0.0
    Ossuary |       0 |      28 | 100.0 |       0 |       6 | 100.0
            +---------+---------+-------+---------+---------+-------
